IL
RENO ACES @ LAS VEGAS 51S
07/18/2048
 
TOP OF THE 1ST
Reno Aces batting - Pitching for Las Vegas 51s : RHP Zhao-ying Joe
Pitching: RHP Zhao-ying Joe
Batting: SHB Carlos Rodriguez 0-0: Called Strike
0-1: Ball
1-1: SINGLE (Line Drive, 9S, EV 108.1 MPH)
Batting: LHB Kevin Ferguson 0-0: Ball
1-0: Called Strike
Carlos Rodriguez steals 2nd, throwing error, E2
Carlos Rodriguez to third
1-1: Foul Ball, location: 2F
1-2: Foul Ball, location: 2F
1-2: Foul Ball, location: 2F
1-2: Fly out, F6 (Popup, 6M, EV 55.0 MPH)
Batting: LHB Steve Reinhart 0-0: Ball
1-0: Fly out, F8 (Flyball, 8LS, EV 73.1 MPH)
Batting: SHB Gerardo Flores 0-0: Ball
Balk!
Carlos Rodriguez scores
1-0: Swinging Strike
1-1: Called Strike
1-2: Foul Ball, location: 2F
1-2: Foul Ball, location: 2F
1-2: Fly out, F9 (Line Drive, 89M, EV 83.8 MPH)
Top of the 1st over - 1 run, 1 hit, 1 error, 0 left on base; Reno 1 - Las Vegas 0
BOTTOM OF THE 1ST
Las Vegas 51s batting - Pitching for Reno Aces : RHP Kyle Bradley
Pitching: RHP Kyle Bradley
Batting: SHB Jason Larson 0-0: Ball
1-0: Ball
2-0: Ground out 6-3 (Groundball, 6M, EV 83.1 MPH)
Batting: RHB Jordan Fairburn 0-0: Called Strike
0-1: Foul Ball, location: 2F
0-2: Foul Ball, location: 2F
0-2: SINGLE (Groundball, 13S, EV 65.6 MPH) (infield hit)
Batting: RHB Josh Jones 0-0: Ball
1-0: Fielders Choice at 2nd, 3-6 (Groundball, 3, EV 97.5 MPH)
Batting: RHB Darwin Mills 0-0: Called Strike
0-1: Swinging Strike
0-2: Fly out, F9 (Flyball, 9, EV 78.8 MPH)
Bottom of the 1st over - 0 runs, 1 hit, 0 errors, 1 left on base; Reno 1 - Las Vegas 0
TOP OF THE 2ND
Reno Aces batting - Pitching for Las Vegas 51s : RHP Zhao-ying Joe
Batting: RHB Justin McQuarter 0-0: Ball
1-0: Foul Ball, location: 2F
1-1: Swinging Strike
1-2: Strikes out swinging
Batting: RHB Roberto Rodriguez 0-0: Called Strike
0-1: Ball
1-1: Foul Ball, location: 2F
1-2: Foul Ball, location: 2F
1-2: Ball
2-2: Ball
3-2: Strikes out swinging
Batting: RHB Dustin Clark 0-0: Called Strike
0-1: Called Strike
0-2: Ball
1-2: Ball
2-2: Fly out, F8 (Flyball, 8RXD, EV 88.1 MPH)
Top of the 2nd over - 0 runs, 0 hits, 0 errors, 0 left on base; Reno 1 - Las Vegas 0
BOTTOM OF THE 2ND
Las Vegas 51s batting - Pitching for Reno Aces : RHP Kyle Bradley
Batting: RHB Devine Adams 0-0: Ball
1-0: Ball
2-0: Foul Ball, location: 2F
2-1: Swinging Strike
2-2: Ball
3-2: Foul Ball, location: 2F
3-2: DOUBLE (Flyball, 8RXD, EV 103.1 MPH)
Batting: LHB Jose Chavez 0-0: Swinging Strike
0-1: Ball
1-1: Called Strike
1-2: Strikes out looking
Batting: RHB Roger Renteria 0-0: Ground out 6-3 (Groundball, 6, EV 101.9 MPH)
Batting: RHB Zhao-ying Joe 0-0: Ground out 4-3 (Groundball, 34D, EV 78.8 MPH)
Bottom of the 2nd over - 0 runs, 1 hit, 0 errors, 1 left on base; Reno 1 - Las Vegas 0
TOP OF THE 3RD
Reno Aces batting - Pitching for Las Vegas 51s : RHP Zhao-ying Joe
Batting: RHB Jonathan Lugo 0-0: Called Strike
0-1: Called Strike
0-2: Ground out 4-3 (Groundball, 34, EV 105.6 MPH)
Batting: LHB Jeff Harmon 0-0: Ball
1-0: Ball
2-0: Called Strike
2-1: Swinging Strike
2-2: Ball
3-2: Fly out, F7 (Flyball, 7D, EV 75.6 MPH)
Batting: SHB Carlos Rodriguez 0-0: Called Strike
0-1: Ball
1-1: Called Strike
1-2: Foul Ball, location: 2F
1-2: Ball
2-2: Ball
3-2: DOUBLE (Groundball, 3L, EV 101.2 MPH)
Batting: LHB Kevin Ferguson 0-0: Ball
1-0: Foul Ball, location: 2F
1-1: Swinging Strike
1-2: Foul Ball, location: 2F
1-2: Ball
2-2: Ball
3-2: Base on Balls
Batting: LHB Steve Reinhart 0-0: Ball
1-0: DOUBLE (Groundball, 3L, EV 111.2 MPH)
Carlos Rodriguez scores
Kevin Ferguson to third
Runner from 3rd tries for Home, SAFE, throw by RF to home
Batting: SHB Gerardo Flores 0-0: Called Strike
0-1: Foul Ball, location: 2F
0-2: Fly out, F9 (Flyball, 9D, EV 96.9 MPH)
Top of the 3rd over - 2 runs, 2 hits, 0 errors, 1 left on base; Reno 3 - Las Vegas 0
BOTTOM OF THE 3RD
Las Vegas 51s batting - Pitching for Reno Aces : RHP Kyle Bradley
Batting: RHB Alex Vasquez 0-0: Ground out 6-3 (Groundball, 6, EV 105.6 MPH)
Batting: SHB Jason Larson 0-0: Ground out 5-3 (Groundball, 56S, EV 89.4 MPH)
Batting: RHB Jordan Fairburn 0-0: Ball
1-0: Foul Ball, location: 2F
1-1: Foul Ball, location: 2F
1-2: Ball
2-2: Ball
3-2: Base on Balls
Batting: RHB Josh Jones 0-0: Called Strike
0-1: Foul Ball, location: 2F
0-2: Strikes out swinging
Bottom of the 3rd over - 0 runs, 0 hits, 0 errors, 1 left on base; Reno 3 - Las Vegas 0
TOP OF THE 4TH
Reno Aces batting - Pitching for Las Vegas 51s : RHP Zhao-ying Joe
Batting: RHB Justin McQuarter 0-0: Ball
1-0: Foul Ball, location: 2F
1-1: Fly out, F9 (Flyball, 9, EV 83.8 MPH)
Batting: RHB Roberto Rodriguez 0-0: Called Strike
0-1: Ball
1-1: Swinging Strike
1-2: Strikes out looking
Batting: RHB Dustin Clark 0-0: Ball
1-0: Ball
2-0: SINGLE (Flyball, 6MD, EV 93.8 MPH)
Batting: RHB Jonathan Lugo 0-0: Ball
1-0: Fly out, F6 (Popup, P, EV 81.9 MPH)
Top of the 4th over - 0 runs, 1 hit, 0 errors, 1 left on base; Reno 3 - Las Vegas 0
BOTTOM OF THE 4TH
Las Vegas 51s batting - Pitching for Reno Aces : RHP Kyle Bradley
Batting: RHB Darwin Mills 0-0: Ball
1-0: Swinging Strike
1-1: Foul Ball, location: 2F
1-2: Ball
2-2: Strikes out swinging
Batting: RHB Devine Adams 0-0: Ball
1-0: Ball
2-0: SINGLE (Line Drive, 78M, EV 90.6 MPH)
Batting: LHB Jose Chavez 0-0: Ball
1-0: Ball
Passed Ball!
Devine Adams to second
2-0: Ball
3-0: Called Strike
3-1: Foul Ball, location: 2F
3-2: Strikes out swinging
Batting: RHB Roger Renteria 0-0: Called Strike
0-1: Foul Ball, location: 2F
0-2: Fly out, F8 (Flyball, 89D, EV 81.9 MPH)
Bottom of the 4th over - 0 runs, 1 hit, 0 errors, 1 left on base; Reno 3 - Las Vegas 0
TOP OF THE 5TH
Reno Aces batting - Pitching for Las Vegas 51s : RHP Zhao-ying Joe
Batting: LHB Jeff Harmon 0-0: Called Strike
0-1: Ground out U3 (Groundball, 3, EV 89.4 MPH)
Batting: SHB Carlos Rodriguez 0-0: Ball
1-0: Called Strike
1-1: Foul Ball, location: 2F
1-2: Foul Ball, location: 2F
1-2: Foul Ball, location: 2F
1-2: Ball
2-2: Foul Ball, location: 2F
2-2: Ball
3-2: Ground out 4-3 (Groundball, 4S, EV 68.8 MPH)
Batting: LHB Kevin Ferguson 0-0: Called Strike
0-1: Fly out, F8 (Flyball, 8LM, EV 78.8 MPH)
Top of the 5th over - 0 runs, 0 hits, 0 errors, 0 left on base; Reno 3 - Las Vegas 0
BOTTOM OF THE 5TH
Las Vegas 51s batting - Pitching for Reno Aces : RHP Kyle Bradley
Batting: RHB Zhao-ying Joe 0-0: Swinging Strike
0-1: Called Strike
0-2: Ground out 6-3 (Groundball, 6MD, EV 85.0 MPH)
Batting: RHB Alex Vasquez 0-0: Ball
1-0: Ground out 4-3 (Groundball, 6M, EV 100.0 MPH)
Batting: SHB Jason Larson 0-0: Ball
1-0: Ground out 4-3 (Groundball, 4, EV 87.5 MPH)
Bottom of the 5th over - 0 runs, 0 hits, 0 errors, 0 left on base; Reno 3 - Las Vegas 0
TOP OF THE 6TH
Reno Aces batting - Pitching for Las Vegas 51s : RHP Zhao-ying Joe
Batting: LHB Steve Reinhart 0-0: Called Strike
0-1: Ball
1-1: Ball
2-1: Called Strike
2-2: Fly out, F9 (Line Drive, 89M, EV 95.0 MPH)
Batting: SHB Gerardo Flores 0-0: Called Strike
0-1: Foul Ball, location: 2F
0-2: Ground out 5-3 (Groundball, 56S, EV 82.5 MPH)
Batting: RHB Justin McQuarter 0-0: SOLO HOME RUN (Flyball, 7D, EV 96.9 MPH), Distance : 376 ft
Batting: RHB Roberto Rodriguez 0-0: Ball
1-0: Ball
2-0: Foul Ball, location: 2F
2-1: Foul Ball, location: 2F
2-2: Strikes out swinging
Top of the 6th over - 1 run, 1 hit, 0 errors, 0 left on base; Reno 4 - Las Vegas 0
BOTTOM OF THE 6TH
Las Vegas 51s batting - Pitching for Reno Aces : RHP Kyle Bradley
Batting: RHB Jordan Fairburn 0-0: Swinging Strike
0-1: Called Strike
0-2: Ball
1-2: Foul Ball, location: 2F
1-2: Ball
2-2: Foul Ball, location: 2F
2-2: Ball
3-2: Base on Balls
Pitching: RHP Marco Rodriguez
Batting: RHB Josh Jones 0-0: Ball
1-0: Fly out, F9 (Flyball, 9LS, EV 81.9 MPH)
Batting: RHB Darwin Mills 0-0: Called Strike
0-1: Ball
1-1: Ball
2-1: Ball
3-1: Foul Ball, location: 2F
3-2: SINGLE (Line Drive, 4M, EV 96.2 MPH)
Jordan Fairburn to second
Batting: RHB Devine Adams 0-0: Fly out, F7 (Flyball, 78M, EV 98.1 MPH)
Batting: LHB Jose Chavez 0-0: Ground out 1-3 (Groundball, 13S, EV 68.1 MPH)
Bottom of the 6th over - 0 runs, 1 hit, 0 errors, 2 left on base; Reno 4 - Las Vegas 0
TOP OF THE 7TH
Reno Aces batting - Pitching for Las Vegas 51s : RHP Zhao-ying Joe
Pitching: RHP Jason Vulich
Batting: RHB Dustin Clark 0-0: Ball
1-0: Hit by Pitch
Batting: RHB Jonathan Lugo 0-0: Called Strike
0-1: Sac Bunt to 15 - play at first, batter OUT! 1-3
Dustin Clark to second
Batting: LHB Jeff Harmon 0-0: Foul Ball, location: 2F
0-1: Ball
1-1: Ground out 4-3 (Groundball, 4MS, EV 85.6 MPH)
Dustin Clark to third
Batting: SHB Carlos Rodriguez 0-0: Ball
1-0: Foul Ball, location: 2F
1-1: DOUBLE (Line Drive, 5D, EV 108.1 MPH)
Dustin Clark scores
Batting: LHB Kevin Ferguson 0-0: Swinging Strike
0-1: Called Strike
0-2: Strikes out looking
Top of the 7th over - 1 run, 1 hit, 0 errors, 1 left on base; Reno 5 - Las Vegas 0
BOTTOM OF THE 7TH
Las Vegas 51s batting - Pitching for Reno Aces : RHP Marco Rodriguez
Batting: RHB Roger Renteria 0-0: Ground out U3 (Groundball, 34, EV 91.2 MPH)
Batting: RHB Zhao-ying Joe 0-0: Called Strike
0-1: DOUBLE (Flyball, 8RXD, EV 101.2 MPH)
Batting: RHB Alex Vasquez 0-0: Foul Ball, location: 2F
0-1: Ball
1-1: Ball
2-1: SINGLE (Line Drive, 78S, EV 107.5 MPH)
Zhao-ying Joe to third
Runner from 3rd tries for Home, SAFE, throw by LF to home
Batting: SHB Jason Larson 0-0: Ball
1-0: Called Strike
1-1: Grounds into double play, 5-4-3 (Groundball, 56S, EV 84.4 MPH)
Bottom of the 7th over - 1 run, 2 hits, 0 errors, 0 left on base; Reno 5 - Las Vegas 1
TOP OF THE 8TH
Reno Aces batting - Pitching for Las Vegas 51s : RHP Jason Vulich
Batting: LHB Steve Reinhart 0-0: Ball
1-0: Called Strike
1-1: Ball
2-1: Ground out 3-1 (Groundball, 34, EV 81.2 MPH)
Batting: SHB Gerardo Flores 0-0: Ball
1-0: Called Strike
1-1: Ball
2-1: Ball
3-1: Base on Balls
Batting: RHB Justin McQuarter 0-0: Called Strike
0-1: Foul Ball, location: 2F
0-2: Foul Ball, location: 2F
0-2: Ball
1-2: Strikes out looking
Batting: RHB Roberto Rodriguez 0-0: Ball
1-0: Fielders Choice at 2nd, 6-4 (Groundball, 6, EV 89.4 MPH)
Top of the 8th over - 0 runs, 0 hits, 0 errors, 1 left on base; Reno 5 - Las Vegas 1
BOTTOM OF THE 8TH
Las Vegas 51s batting - Pitching for Reno Aces : RHP Marco Rodriguez
Batting: RHB Jordan Fairburn 0-0: Foul Ball, location: 2F
0-1: Ball
1-1: Ball
2-1: Ball
3-1: Ground out 6-3 (Groundball, 6, EV 88.8 MPH)
Batting: RHB Josh Jones 0-0: Ball
1-0: Ball
2-0: Called Strike
2-1: SINGLE (Line Drive, 9S, EV 99.4 MPH)
Batting: RHB Darwin Mills 0-0: Ball
1-0: Ball
2-0: Ball
3-0: Called Strike
3-1: Fly out, F8 (Flyball, 8LM, EV 87.5 MPH)
Batting: RHB Devine Adams 0-0: Ball
1-0: Ball
2-0: SINGLE (Groundball, 56D, EV 107.5 MPH)
Josh Jones to second
Runner from 2nd tries for 3rd, OUT! 7-5
Bottom of the 8th over - 0 runs, 2 hits, 0 errors, 1 left on base; Reno 5 - Las Vegas 1
TOP OF THE 9TH
Reno Aces batting - Pitching for Las Vegas 51s : RHP Jason Vulich
Pitching: RHP Ryan Wilson
Batting: RHB Dustin Clark 0-0: Ball
1-0: Called Strike
1-1: Ball
2-1: Ground out 5-3 (Groundball, 56, EV 82.5 MPH)
Batting: RHB Jonathan Lugo 0-0: Ball
1-0: Ground out U3 (Groundball, 3, EV 82.5 MPH)
Batting: LHB Jeff Harmon 0-0: Ball
1-0: Ground out 1-3 (Groundball, P, EV 69.4 MPH)
Top of the 9th over - 0 runs, 0 hits, 0 errors, 0 left on base; Reno 5 - Las Vegas 1
BOTTOM OF THE 9TH
Las Vegas 51s batting - Pitching for Reno Aces : RHP Marco Rodriguez
Pitching: LHP Afanasy Apatenko
Batting: LHB Jose Chavez 0-0: Called Strike
0-1: Ball
1-1: Called Strike
1-2: Ball
2-2: Ball
3-2: SINGLE (Groundball, 4D, EV 103.8 MPH)
Batting: RHB Roger Renteria 0-0: Ball
1-0: Swinging Strike
1-1: Swinging Strike
1-2: Foul Ball, location: 2F
1-2: Fielders Choice at 2nd, 4-6 (Groundball, 4S, EV 92.5 MPH)
Batting: RHB Zhao-ying Joe 0-0: Ball
1-0: Foul Ball, location: 2F
1-1: Foul Ball, location: 2F
1-2: SINGLE (Flyball, 56D, EV 88.8 MPH)
Roger Renteria to second
Pitching: RHP Mike Osgood
Batting: RHB Alex Vasquez 0-0: Ball
1-0: Called Strike
1-1: Swinging Strike
1-2: Strikes out swinging
Batting: SHB Jason Larson 0-0: Swinging Strike
0-1: Fly out, F8 (Flyball, 89D, EV 81.9 MPH)
Bottom of the 9th over - 0 runs, 2 hits, 0 errors, 2 left on base; Reno 5 - Las Vegas 1
Tuesday, March 28th , 2023 - OOTP Baseball 23.10 Build 110